 Dungeon Crawl Stone Soup version 0.21.0 (webtiles) character file.

121 mortelune the Firebug (level 4, -9/33 HPs)
             Began as a Draconian Fire Elementalist on Jan 6, 2018.
             Killed by nerve-wracking pain
             ... invoked by Grinder
              (13 damage)
             ... on level 3 of the Dungeon.
             The game lasted 00:12:59 (5560 turns).

mortelune the Firebug (Draconian Fire Elementalist) Turns: 5560, Time: 00:12:59

Health: -9/33      AC:  5    Str: 10    XL:     4   Next: 77%
Magic:  6/8        EV: 12    Int: 16    God:
Gold:   70         SH:  0    Dex: 12    Spells: 2/8 levels left

rFire    + . .     SeeInvis .   o - +0 flail (protect)
rCold    . . .     Gourm    .   (no shield)
rNeg     . . .     Faith    .   (armour unavailable)
rPois    .         Spirit   .   (helmet restricted)
rElec    .         Reflect  .   (no cloak)
rCorr    .         Harm     .   (no gloves)
MR       .....                  (no boots)
Stlth    ++........             (no amulet)
HPRegen  0.11/turn              k - ring of protection from fire
MPRegen  0.11/turn              (no ring)

@: no status effects
A: unfitting armour, cold-blooded, AC +5
a: no special abilities


You were on level 3 of the Dungeon.
You were near starving.

You visited 1 branch of the dungeon, and saw 3 of its levels.

You collected 70 gold pieces.

Inventory:

Hand Weapons
 c - a +0 dagger
 g - a +0 hand axe
 o - a +0 flail of protection (weapon)
Jewellery
 k - a ring of protection from fire (left hand)
Scrolls
 e - a scroll of identify
 i - a scroll of enchant armour {unknown}
 l - a scroll of enchant weapon {unknown}
 m - 3 scrolls of remove curse
Potions
 d - a potion of lignification
 f - 2 potions of agility
 h - 2 potions of might
Books
 a - a book of Flames

   Spells                             Type                      Level
   a - Flame Tongue                   Conjuration/Fire             1
   b - Throw Flame                    Conjuration/Fire             2
   c - Conjure Flame                  Conjuration/Fire             3
   d - Inner Flame                    Hexes/Fire                   3
   e - Sticky Flame                   Conjuration/Fire             4
   f - Fireball                       Conjuration/Fire             5
 p - a book of Changes

   Spells                             Type                      Level
   a - Beastly Appendage              Transmutation                1
   b - Sticks to Snakes               Transmutation                2
   c - Spider Form                    Transmutation/Poison         3
   d - Ice Form                       Ice/Transmutation            4
   e - Blade Hands                    Transmutation                5
Comestibles
 b - 5 rations


   Skills:
 - Level 1.7 Dodging
 - Level 1.7 Stealth
 + Level 2.9 Spellcasting
 * Level 3.3 Conjurations
 + Level 3.7 Fire Magic


You had 2 spell levels left.
You knew the following spells:

 Your Spells              Type           Power        Failure   Level  Hunger
a - Flame Tongue          Conj/Fire      ##...        4%          1    #......
b - Throw Flame           Conj/Fire      ##....       7%          2    ##.....
c - Conjure Flame         Conj/Fire      ##......     13%         3    ###....


Dungeon Overview and Level Annotations

Branches:
Dungeon (3/15)

Altars:
Uskayaw

Annotations:
D:2 Sigmund
D:3 Grinder; taran's ghost, amateur TeEn


Innate Abilities, Weirdness & Mutations

Your plain brown scales are hard. (AC +5)
You cannot fit into any form of body armour.
You are cold-blooded and may be slowed by cold attacks.


Message History

Aim: Grinder (moderately wounded)
The flame tongue hits Grinder.
Grinder is moderately wounded.
Grinder gestures at you.
You suddenly lose the ability to move!
Grinder hits you. Grinder hits you but does no damage. Grinder gestures at you.
Pain shoots through your body!
* * * LOW HITPOINT WARNING * * *
Grinder completely misses you. Grinder hits you but does no damage.
You can move again.
Okay, then.
As you read the scroll of fear, it crumbles to dust.
You assume a fearsome visage.
Grinder is unaffected.
Grinder says, "At least Makhleb appreciates what I'm doing."
Grinder gestures at you. Pain shoots through your body!
You die...

##...##
.....##
...... ....#
....# #.#.#
##..#
###.###.@##
.......5..#
#....
##..###.##.#
#...# #..#
#.# .# #...#
..# #.# #
#..[ ##.###.#
... ...##.#
#.# #..##.#
#.#
#######..##.#


You could see Grinder.

Vanquished Creatures
  Terence (D:2)
  3 adders (D:2)
  2 oozes
  2 dart slugs
  5 orcs (D:3)
  8 bats
  4 giant cockroaches
  7 goblins
  8 hobgoblins
  A quokka (D:2)
  A ball python (D:1)
  4 frilled lizards
  4 kobolds
  2 rats
52 creatures vanquished.

Notes
Turn   | Place    | Note
-------+----------+-------------------------------------------
     0 | D:1      | mortelune the Draconian Fire Elementalist began the quest for the Orb.
     0 | D:1      | Reached XP level 1. HP: 14/14 MP: 3/3
   437 | D:1      | Reached XP level 2. HP: 20/20 MP: 1/5
  1205 | D:1      | Learned a level 2 spell: Throw Flame
  2041 | D:2      | Reached XP level 3. HP: 26/26 MP: 2/6
  2776 | D:2      | Learned a level 3 spell: Conjure Flame
  3423 | D:2      | Noticed Sigmund
  3667 | D:2      | Noticed Terence
  3907 | D:3      | Reached XP level 4. HP: 32/33 MP: 3/7
  3991 | D:3      | Noticed taran's ghost (amateur TeEn)
  5030 | D:2      | Killed Terence
  5129 | D:2      | Found a hide-covered altar of Uskayaw.
  5542 | D:3      | Noticed Grinder
  5554 | D:3      | Paralysed by Grinder for 6 turns
  5560 | D:3      | Killed from afar by Grinder

Skill      XL: |  1  2  3  4 |
---------------+-------------+-----
Conjurations   | 2 3 |  3.3
Dodging        | |  1.7
Stealth        | |  1.7
Spellcasting   | |  2.9
Fire Magic     | |  3.7

Action                   |  1- 3 |  4- 6 || total
-------------------------+-------+-------++-------
Melee: Dagger            |    28 |       ||    28
       Tailslap          |     1 |     1 ||     2
       Hand axe          |    10 |     1 ||    11
 Cast: Flame Tongue      |    58 |    45 ||   103
       Throw Flame       |     4 |       ||     4
       Conjure Flame     |     2 |     3 ||     5
  Use: Scroll            |     6 |     1 ||     7
       Potion            |       |     2 ||     2
  Eat: Chunk             |     9 |     2 ||    11
       Ration            |       |     1 ||     1
Armor: Skin              |    26 |    11 ||    37
Dodge: Dodged            |    42 |    17 ||    59
